 Dungeon Crawl Stone Soup version 0.28.0-53-g5a82cb258f (webtiles) character file.

Game seed: 2049143848829701159

121 bnorton916 the Magician (level 4, -5/24 HPs)
             Began as a Deep Elf Fire Elementalist on June 7, 2022.
             Slain by a wyvern zombie (14 damage)
             ... on level 4 of the Dungeon.
             The game lasted 00:02:38 (3370 turns).

bnorton916 the Magician (DEFE)                      Turns: 3370, Time: 00:02:39

Health: -5/24      AC:  2    Str:  5    XL:     4   Next: 77%
Magic:  6/12       EV: 12    Int: 22    God:
Gold:   129        SH:  0    Dex: 15    Spells: 9/12 levels left

rFire   . . .      SeeInvis .   s - +2 dagger (speed)
rCold   . . .      Faith    .   (no shield)
rNeg    . . .      Spirit   .   a - +0 robe
rPois   .          Reflect  .   z - +0 hat
rElec   .          Harm     .   (no cloak)
rCorr   .          Rampage  .   (no gloves)
Will    .....                   (no boots)
Stlth   ++........              (no amulet)
HPRegen 0.08/turn               m - ring of flight
MPRegen 0.13/turn               (no ring)

@: flying
A: no striking features
a: no special abilities


You were on level 4 of the Dungeon.
You visited 1 branch of the dungeon, and saw 4 of its levels.

You collected 129 gold pieces.

Inventory:

Hand Weapons
 s - a +2 dagger of speed (weapon)
 w - a +1 short sword of freezing
Missiles
 b - 154 stones
Armour
 a - a +0 robe (worn)
 z - a +0 hat (worn)
Magical Staves
 y - a staff of earth
Jewellery
 m - a ring of flight (left hand)
Wands
 u - a wand of flame (8)
Scrolls
 d - a scroll of enchant weapon {unknown}
 f - 2 scrolls of enchant armour {unknown}
 g - a scroll of amnesia {unknown}
 h - 2 scrolls of fear {unknown}
 k - a scroll of identify {unknown}
 n - a scroll of immolation {unknown}
 x - a scroll of noise {unknown}
Potions
 c - a potion of ambrosia {unknown}
 e - a potion of invisibility {unknown}
 i - a potion of flight {unknown}
 j - 3 potions of heal wounds {unknown}
 l - 4 potions of lignification {unknown}
 o - 2 potions of curing {unknown}
 p - a potion of cancellation {unknown}
 q - a potion of berserk rage {unknown}
 r - a potion of mutation {unknown}
 t - 2 potions of might {unknown}
 v - a potion of resistance


   Skills:
 - Level 2.4 Dodging
 - Level 2.4 Stealth
 + Level 4.6 Spellcasting
 + Level 3.0 Conjurations
 + Level 4.4 Fire Magic
 + Level 0.1 Poison Magic


You had 9 spell levels left.
You knew the following spells:

 Your Spells              Type           Power      Damage    Failure   Level
a - Foxfire               Conj/Fire      84%        2x1d8     2%          1
b - Scorch                Fire           48%        2d7       2%          2

Your spell library contained the following spells:

 Spells                   Type           Power      Damage    Failure   Level
 Conjure Flame            Conj/Fire      21%        6-21      7%          3
 Sting                    Tmut/Pois      20%        1d4       11%         1
 Inner Flame              Hex/Fire       14%        N/A       13%         3
 Poisonous Vapours        Pois/Air       10%        N/A       16%         2
 Ignite Poison            Fire/Tmut/Pois 11%        N/A       17%         3
 Flame Wave               Conj/Fire      21%        2d7       22%         4
 Sticky Flame             Conj/Fire      21%        2d4       22%         4
 Olgreb's Toxic Radiance  Pois           5%         N/A       67%         4


Dungeon Overview and Level Annotations

Branches:
Dungeon (4/15)
 Temple: D:4-7

Altars:


Message History

A wyvern zombie is nearby!
Casting: Foxfire (safe; 2% risk of failure)
Confirm with . or Enter, or press ? or * to list all spells.
You conjure some foxfire!
Casting: Foxfire (safe; 2% risk of failure)
Confirm with . or Enter, or press ? or * to list all spells.
You conjure some foxfire!
The foxfire hits the wyvern zombie.
The wyvern zombie is lightly damaged.
Your foxfire dissipates!
The foxfire hits the wyvern zombie.
The wyvern zombie is lightly damaged.
Casting: Foxfire (safe; 2% risk of failure)
Confirm with . or Enter, or press ? or * to list all spells.
You conjure some foxfire!
The foxfire hits the wyvern zombie.
The wyvern zombie is moderately damaged.
Casting: Foxfire (safe; 2% risk of failure)
Confirm with . or Enter, or press ? or * to list all spells.
You conjure some foxfire!
The foxfire hits the wyvern zombie.
The wyvern zombie is moderately damaged.
The foxfire hits the wyvern zombie!
The wyvern zombie is heavily damaged.
The foxfire hits the wyvern zombie.
The wyvern zombie is severely damaged.
The wyvern zombie bites you!
Ouch! That really hurt!
Casting: Foxfire (safe; 2% risk of failure)
Confirm with . or Enter, or press ? or * to list all spells.
You conjure some foxfire!
The wyvern zombie barely misses you.
The foxfire hits the wyvern zombie.
The wyvern zombie is severely damaged.
The wyvern zombie closely misses you.
Unknown command.
Casting: Foxfire (safe; 2% risk of failure)
Confirm with . or Enter, or press ? or * to list all spells.
Flames lash the wyvern zombie.
The wyvern zombie is almost destroyed.
The wyvern zombie's fire resistance burns away.
The wyvern zombie bites you!
Ouch! That really hurt!
You die...

######## ### ##......##
##.###........## #
#...##.........#
##.###...##.........##
#....§...............##
.....§v§..............#
..#.###@.......##.....#
####Z.§..[..##......#
....#......##....####
....##.......#.......#
................<......#
..$...........#.##.##..#
..............#.....####
...........####.....###
....###..##........#


You could see a wyvern zombie (combustible, ally target).

Vanquished Creatures
  3 gnolls (D:2)
  5 adders
  A worm (D:2)
  An orc (D:3)
  An endoplasm (D:2)
  3 giant cockroaches
  7 goblins
  6 hobgoblins
  3 kobolds
  A quokka (D:1)
  6 ball pythons
  A bat (D:1)
  2 frilled lizards (D:2)
  4 rats
44 creatures vanquished.

Vanquished Creatures (others)
  242 foxfires
242 creatures vanquished.

Grand Total: 286 creatures vanquished

Notes
Turn   | Place    | Note
-------+----------+-------------------------------------------
     0 | D:1      | bnorton916 the Deep Elf Fire Elementalist began the quest
                  | for the Orb.
     0 | D:1      | Reached XP level 1. HP: 10/10 MP: 6/6
   386 | D:1      | Reached XP level 2. HP: 15/15 MP: 4/8
  1125 | D:2      | Reached XP level 3. HP: 19/19 MP: 1/10
  1787 | D:2      | Reached XP level 4. HP: 24/24 MP: 8/12
  2885 | D:3      | Found a faded altar of an unknown god.
  3248 | D:3      | Learned a level 2 spell: Scorch
  3370 | D:4      | Slain by a wyvern zombie

Illustrated notes

Levels and vault maps discovered:
D:1:      amcnicky_arrival_wind_blow, layout_rooms, item_on_display_a
D:2:      layout_loops_ring
D:3:      layout_basic, hellmonk_ecumenical_altar_lost_god, dk_vineyard_3
D:4:      layout_cave_pools, overflow_temple_1_default, serial_shops,
          nicolae_shop_window_shopping, nicolae_elemental_shop,
          kennysheep_opposing_triangles, uniq_duvessa, uniq_sigmund

Skill      XL: |  1  2  3  4 |
---------------+-------------+-----
Conjurations   | 2 3 |  3.0
Spellcasting   | 4 |  4.6
Fire Magic     | 4 |  4.4
Dodging        | |  2.4
Stealth        | |  2.4
Poison Magic   | |  0.1

Action                   |  1- 3 |  4- 6 || total
-------------------------+-------+-------++-------
Melee: Unarmed           |     1 |       ||     1
 Cast: Foxfire           |    95 |    57 ||   152
       Scorch            |       |     1 ||     1
Armor: Robe              |     3 |     1 ||     4
Dodge: Dodged            |    13 |     3 ||    16
